 Dungeon Sprint DCSS version 0.31.0-12-g77e489cdc1 (webtiles) character file.

Game seed: 5014846550407963882

6 Groucho the Shield-Bearer (level 2, -4/25 HPs)
             Began as a Formicid Fighter on Feb 12, 2024.
             Slain by an ogre
             ... wielding a +0 giant club
              (29 damage)
             ... in the Dungeon (Sprint IX: "|||||||||||||||||||||||||||||").
             The game lasted 00:00:46 (21 turns).

Groucho the Shield-Bearer (Formicid Fighter)          Turns: 21, Time: 00:00:47

Health: -4/25      AC:  7    Str: 20    XL:     2   Next: 0%
Magic:  2/2        EV:  9    Int:  7    God:
Gold:   0          SH:  5    Dex: 13    Spells: 1/1 levels left

rFire   . . .        a - +0 quarterstaff
rCold   . . .        c - +0 buckler
rNeg    . . .        b - +0 scale mail
rPois   .            (helmet unavailable)
rElec   .            (no cloak)
rCorr   .            (no gloves)
SInv    +            (no boots)
Will    .....        (no amulet) Stlth
                     (no ring)
HPRegen 0.24/turn    (no ring)
MPRegen 0.08/turn

%: no passive effects
@: no status effects
A: permanent stasis, dig shafts and tunnels, antennae 3, four strong arms
a: Dig


You were in the Dungeon.
You visited 1 branch

Inventory:

Hand Weapons
 a - a +0 quarterstaff (weapon)
Armour
 b - a +0 scale mail (worn)
 c - a +0 buckler (worn)
Potions
 d - a potion of might
 e - a potion of curing
 f - a potion of heal wounds
 g - 2 potions of magic


   Skills:
 + Level 3.8 Fighting
 - Level 2.0 Staves
 + Level 3.8 Armour
 + Level 1.3 Dodging
 + Level 4.7 Shields


You had one spell level left.
You didn't know any spells.
Your spell library was empty.

Dungeon Overview and Level Annotations

Branches:
Dungeon (1/1)

Altars:


Innate Abilities, Weirdness & Mutations

You cannot be hasted, slowed, berserked, paralysed or teleported.
You can dig through walls and to a lower floor.
You have a pair of large antennae on your head. (SInv)
Your four strong arms can wield two-handed weapons with a shield.


Message History

You kill the kobold!
The kobold hits you but does no damage.
There is an open door to the Dungeon here.
Things that are here:
a +0 dagger; a kobold corpse You hit the kobold but do no damage.
The kobold hits you with a +0 dagger.
You hit the kobold.
You kill the kobold!
The goblin barely misses you.
Your Dodging skill increases to level 1!
You sock the goblin!
You kill the goblin!
You hit the endoplasm.
The endoplasm is almost dead.
The endoplasm freezes you.
You are frozen.
You sock the endoplasm!
You kill the endoplasm!
You have reached level 2!
Unknown command.
Unknown command.
Things that are here:
a +0 club; a +0 dagger
Things that are here:
a +0 club; a +0 dagger You open the door.
A hound, an orc wizard, a white imp, an ogre and an ufetubus come into view.
The hound barks!
The orc wizard shouts!
The white imp shouts!
The ogre shouts!
The ufetubus misses you. The ufetubus barely misses you.
You closely miss the ufetubus. The ufetubus misses you.
The ufetubus closely misses you. The ufetubus slips past you!
The ufetubus hits you but does no damage. x2
You sock the ogre!
The ogre is heavily wounded.
The ufetubus barely misses you. x2
The orc wizard mumbles some strange words.
The orc wizard flickers and vanishes for a moment.
The ogre hits you with a +0 giant club!!
Ouch! That really hurt!
You die... ▓▓▓▓▓▓▓▓▓▓▓▓▓▓▓▓▓▓ +.ho.5O@5..))...<▓ ▓▓▓▓▓▓▓▓▓▓▓▓▓▓▓▓▓▓

You could see an ogre, a hound, an orc wizard (invisible), a white imp and an ufetubus.

Vanquished Creatures
  2 endoplasms (D)
  A goblin (D)
  2 kobolds (D)
5 creatures vanquished.

Notes
Turn   | Place    | Note
-------+----------+-------------------------------------------
     0 | D        | Groucho the Formicid Fighter began the quest for the Orb.
     0 | D        | Reached XP level 1. HP: 18/18 MP: 1/1
     9 | D        | Reached skill level 1 in Dodging
    12 | D        | Reached XP level 2. HP: 22/25 MP: 2/2
    19 | D        | Noticed an ogre
    21 | D        | Slain by an ogre

Illustrated notes

Levels and vault maps discovered:
D:        linesprint [early_d, line_temple, items_1, d_10, items_2, lair_1,
          lair_end, items_3, orc_1, orc_end, items_4, d_15, swamp_1, shoals_1,
          snake_1, spider_1, d_20, vaults_1, items_5, swamp_end, shoals_end,
          snake_end, spider_end, vaults_end, d_27, items_6, zot_1, zot_end,
          crypt_end, forest_end, elf_end, slime_end, tomb_end, abyss_end,
          pan_hell_end]

Skill      XL: |  1 |
---------------+----+-----
Dodging        | 1 |  1.3
Fighting       | |  3.8
Staves         | |  2.0
Armour         | |  3.8
Shields        | |  4.7

Action                     || total
---------------------------++-------
  Melee: Quarterstaff      ||     9
 Armour: Scale mail        ||     5
  Dodge: Dodged            ||     7
